 Dungeon Crawl Stone Soup version 0.27-a0-597-g524d869a0f (webtiles) character file.

Game seed: 5050140608481507898

157 siradein the Skirmisher (level 5, -1/59 HPs)
             Began as an Ogre Berserker on Mar 11, 2021.
             Was a Believer of Trog.
             Slain by an orc wizard
             ... wielding a +0 dagger
              (2 damage)
             ... on level 3 of the Dungeon.
             The game lasted 00:04:28 (2032 turns).

siradein the Skirmisher (Ogre Berserker)            Turns: 2032, Time: 00:04:28

Health: -1/59      AC:  3    Str: 21    XL:     5   Next: 38%
Magic:  5/5        EV: 10    Int:  8    God:    Trog [**....]
Gold:   117        SH:  0    Dex:  9    Spells: 4/4 levels left

rFire    . . .     SeeInvis .   c - +2 whip (elec)
rCold    . . .     Faith    .   (no shield)
rNeg     . . .     Spirit   .   b - +0 animal skin
rPois    .         Reflect  .   (helmet restricted)
rElec    .         Harm     .   (no cloak)
rCorr    .         Rampage  .   (gloves unavailable)
Will     .....                  (boots unavailable)
Stlth    +.........             (no amulet)
HPRegen  0.19/turn              (no ring)
MPRegen  0.09/turn              (no ring)

@: no status effects
A: large, unfitting armour, tough skin 1
a: Renounce Religion, Berserk, Trog's Hand


You were on level 3 of the Dungeon.
You worshipped Trog.
Trog was pleased with you.
You visited 1 branch of the dungeon, and saw 3 of its levels.

You collected 117 gold pieces.

Inventory:

Hand Weapons
 c - a +2 whip of electrocution (weapon)
Missiles
 l - 3 atropa-tipped darts
Armour
 b - a +0 animal skin (worn)
Scrolls
 a - 3 scrolls of identify {unknown}
 d - a scroll of fear {unknown}
 e - 2 scrolls of immolation {unknown}
 g - a scroll of fog {unknown}
 h - a scroll of magic mapping {unknown}
 i - a scroll of teleportation {unknown}
Potions
 f - a potion of attraction {unknown}
 j - a potion of resistance {unknown}
 k - a potion of curing {unknown}
 m - a potion of berserk rage {unknown}


   Skills:
 + Level 6.2 Fighting
 + Level 4.2 Maces & Flails
 - Level 2.6 Dodging


You had 4 spell levels left.
You didn't know any spells.
Your spell library was empty.

Dungeon Overview and Level Annotations

Branches:
Dungeon (3/15)

Altars:
Dithmenos
Fedhas
Ru


Innate Abilities, Weirdness & Mutations

You are too large for most types of armour.
You have tough skin. (AC +1)


Message History

You hit something. Something hits you but does no damage.
You hit something but do no damage.
You hear some strange, mumbled words.
Something hits the leopard gecko.
You miss something.
Something hits the leopard gecko.
The leopard gecko dies!
You closely miss something.
A magic dart appears from out of thin air!
The magic dart hits something.
Something hits you.
* * * LOW HITPOINT WARNING * * *
You hit something. You whack something!
An orc wizard appears from thin air!
Reactivating autopickup.
The orc wizard hits you with a +0 dagger.
* * * LOW HITPOINT WARNING * * *
Something hits the orc wizard.
You hit the orc wizard.
Lightning courses through the orc wizard!
You kill the orc wizard!
Trog accepts your kill.
Trog appreciates your killing of a magic user.
Your Fighting skill increases to level 6!
You have reached level 5!
Deactivating autopickup; reactivate with Ctrl-A.
You closely miss something. Something hits you but does no damage.
You miss something. Something hits you.
* * * LOW HITPOINT WARNING * * *
You hit something. Lightning courses through something! Trog accepts your kill.
Trog appreciates your killing of a magic user.
Reactivating autopickup.
You feel a bit more experienced. Something hits you.
* * * LOW HITPOINT WARNING * * *
Deactivating autopickup; reactivate with Ctrl-A.
Items here: )) [[ ††.
Something hits you.
* * * LOW HITPOINT WARNING * * *
Something hits you.
You die...

#.. ### #.. #.. #.. #.# #..
#.# #.. #.# #.. #####.# #..
####.#..†..###############..
.........).@†...............
####.#####.######...........
#. #.# ############ #. #.#
$. ..# # ###


There were no monsters in sight!

Vanquished Creatures
  An orc priest (D:3)
  2 orc wizards (D:3)
  2 adders
  3 leopard geckos
  7 orcs (D:3)
  7 bats
  2 giant cockroaches (D:2)
  7 hobgoblins
  4 jackals
  4 kobolds
  2 quokkas
  2 frilled lizards
  3 goblins
  5 rats
51 creatures vanquished.

Vanquished Creatures (others)
  A leopard gecko (D:3)
1 creature vanquished.

Grand Total: 52 creatures vanquished

Notes
Turn   | Place    | Note
-------+----------+-------------------------------------------
     0 | D:1      | siradein the Ogre Berserker began the quest for the Orb.
     0 | D:1      | Reached XP level 1. HP: 24/24 MP: 1/1
   199 | D:1      | Reached XP level 2. HP: 30/33 MP: 2/2
   745 | D:2      | Found a shadowy altar of Dithmenos.
   745 | D:2      | Found a sacrificial altar of Ru.
   745 | D:2      | Found a blossoming altar of Fedhas.
   880 | D:2      | Reached XP level 3. HP: 33/41 MP: 3/3
   896 | D:2      | Reached skill level 5 in Fighting
  1680 | D:3      | Reached XP level 4. HP: 42/50 MP: 4/4
  1685 | D:3      | Reached ** piety under Trog
  2027 | D:3      | Reached skill level 6 in Fighting
  2027 | D:3      | Reached XP level 5. HP: 14/59 MP: 5/5
  2031 | D:3      | HP: 1/59 [something (3)]
  2032 | D:3      | Slain by an orc wizard

Illustrated notes

Levels and vault maps discovered:
D:1:      onia_arrival_pyramid, layout_loops_ring
D:2:      layout_basic, chequers_temple_overflow_statue_of_worship
D:3:      layout_loops_ring, nicolae_gozag_zags_fifth_avenue

Skill      XL: |  1  2  3  4 |
---------------+-------------+-----
Maces & Flails | 3 4 |  4.2
Fighting       | 5 6 |  6.2
Dodging        | |  2.6

Action                   |  1- 3 |  4- 6 || total
-------------------------+-------+-------++-------
Melee: Whip              |    86 |    53 ||   139
Armor: Animal skin       |    23 |     8 ||    31
Dodge: Dodged            |    52 |    27 ||    79

Table legend: (Time is in decaauts)
 A = Elapsed time spent in this place.
 B = Non-inter-level travel time spent in this place.
 C = Inter-level travel time spent in this place.
 D = Time resting spent in this place.
 E = Time spent auto-exploring this place.
 F = Levels seen in this place.
 G = Mean time per level.
                   A        B        C        D        E       F      G
               +--------+--------+--------+--------+--------+-----+--------+
         Total |   2020 |   2010 |     10 |     10 |   1674 |   3 |  673.3 |
       Dungeon |   2020 |   2010 |     10 |     10 |   1674 |   3 |  673.3 |
               +--------+--------+--------+--------+--------+-----+--------+

Top non-repeatable levels by time:
     D:2: 820 daAuts
     D:1: 736 daAuts
     D:3: 464 daAuts
